 Dungeon Crawl Stone Soup version 0.20.1-1-g8b1a95d (webtiles) character file.

219401 dstrtn the Hand of Fortune (level 18, -6/140 HPs)
             Began as a Demonspawn Transmuter on Sept 27, 2017.
             Was the Champion of Nemelex Xobeh.
             Killed from afar by a merfolk aquamancer (20 damage)
             ... with a shard of ice
             ... on level 4 of the Shoals.
             The game lasted 06:17:00 (38615 turns).

dstrtn the Hand of Fortune (Demonspawn Transmuter) Turns: 38615, Time: 06:17:01

Health: -6/140     AC: 17    Str: 13    XL:     18   Next: 1%
Magic:  21/21      EV: 17    Int: 27    God:    Nemelex Xobeh [******]
Gold:   782        SH:  5    Dex: 15    Spells: 2/29 levels left

rFire    . . .     SeeInvis +     - Unarmed
rCold    . . .     Gourm    +   N - +0 buckler
rNeg     + + .     Faith    .   M - +5 ring mail "Oschuan" {rN+ Regen+ MP-9 SInv Stlth+}
rPois    .         Spirit   .   b - +2 hat
rElec    .         Reflect  .   L - scarf {cloud immunity}
rCorr    .         Harm     .   S - +2 pair of gloves
MR       ++...                  (boots unavailable)
Stlth    +.........             O - amulet "Ynesuwe" {Gourm rN+ MR+}
Regen    0.8/turn               E - ring "Wepunill" {Wiz *Corrode +Inv Int+8}
MPRegen  0.2/turn               f - ring of flight

@: no status effects
A: hooves 3, demonic guardian 3, spiny 1, sturdy frame 2
}: 2/15 runes: barnacled, gossamer
a: Triple Draw, Deal Four, Stack Five, Renounce Religion, Evoke Invisibility,
Evoke Flight


You were on level 4 of the Shoals.
You worshipped Nemelex Xobeh.
Nemelex Xobeh was exalted by your worship.
You were very full.

You visited 6 branches of the dungeon, and saw 32 of its levels.
You also visited: Labyrinth and Sewer.

You collected 2841 gold pieces.
You spent 2059 gold pieces at shops.

Inventory:

Missiles
 g - 7 throwing nets (quivered)
 R - 259 arrows
Armour
 b - a +2 hat (worn)
 L - a scarf of cloud immunity (worn)
 M - the +5 ring mail "Oschuan" (worn) {rN+ Regen+ MP-9 SInv Stlth+}
   (You found it on level 6 of the Lair of Beasts)

   It protects you from negative energy.
   It affects your magic capacity (-9).
   It lets you see invisible.
   It increases your rate of regeneration.
   It makes you more stealthy.
 N - a +0 buckler (worn)
 S - a +2 pair of gloves (worn)
Magical Staves
 a - an uncursed staff of wizardry
Jewellery
 c - an uncursed ring of protection from cold
 e - the ring "Ditessu" {rElec rN++ SInv}
   (You bought it in a shop on level 2 of the Orcish Mines)

   [ring of see invisible]

   It insulates you from electricity.
   It greatly protects you from negative energy.
   It lets you see invisible.
 f - a ring of flight (right hand)
 k - an uncursed ring of protection from fire
 m - an uncursed ring of protection from magic
 p - an uncursed ring of magical power
 r - an uncursed ring of poison resistance
 E - the ring "Wepunill" (left hand) {Wiz *Corrode +Inv Int+8}
   (You found it on level 4 of the Shoals)

   [ring of wizardry]

   It improves your spell success rate.
   It affects your intelligence (+8).
   It lets you turn invisible.
   It may corrode you when you take damage.
 O - the amulet "Ynesuwe" (around neck) {Gourm rN+ MR+}
   (You found it in a labyrinth)

   [amulet of the gourmand]

   It allows you to eat raw meat even when not hungry.
   It protects you from negative energy.
   It affects your resistance to hostile enchantments.
Wands
 t - a wand of iceblast (2/15)
 v - a wand of acid (5/15)
 P - a wand of digging (13/24)
Scrolls
 n - 12 scrolls of teleportation
 u - 7 scrolls of remove curse
 y - 3 scrolls of fog
 A - a scroll of immolation
 B - a scroll of identify
 Q - a scroll of magic mapping
 V - 3 scrolls of recharging
 Y - 4 scrolls of enchant armour
Potions
 h - 3 potions of curing
 i - 5 potions of might
 q - 4 potions of flight
 F - 6 potions of agility
 G - a potion of ambrosia
 J - 3 potions of cancellation
 K - 6 potions of magic
 U - 6 potions of mutation
 X - a potion of resistance {unknown}
 Z - 3 potions of haste
Miscellaneous
 l - an ornate deck of escape {the Shaft, left: 2}
 s - a fan of gales (inert)
 z - an ornate deck of escape {drawn: 3}
 C - a plain deck of escape
 D - a phantom mirror
 I - a phial of floods
 T - a lamp of fire
 W - a plain deck of escape {Velocity, left: 2}
Comestibles
 d - 21 bread rations
 j - 7 chunks of flesh
 w - 17 meat rations


   Skills:
 - Level 12.0 Fighting
 + Level 9.9 Armour
 - Level 10.0 Dodging
 - Level 3.0 Shields
 - Level 15.3 Unarmed Combat
 - Level 6.0 Spellcasting
 - Level 5.2 Translocations
 + Level 11.5 Transmutations
 - Level 3.8 Ice Magic
 - Level 7.1 Earth Magic
 - Level 2.0 Poison Magic
 - Level 16.1 Invocations


You had 2 spell levels left.
You knew the following spells:

 Your Spells              Type           Power        Failure   Level  Hunger
a - Beastly Appendage     Tmut           ######       1%          1    None
h - Blade Hands           Tmut           ######....   1%          5    #####..
i - Ice Form              Ice/Tmut       #####...     1%          4    ###....
l - Blink                 Tloc           N/A          1%          2    None
p - Spider Form           Tmut/Pois      #####.....   1%          3    None
t - Sticks to Snakes      Tmut           ######..     1%          2    None
w - Statue Form           Tmut/Erth      ######...    11%         6    ######.
U - Throw Icicle          Conj/Ice       ###.....     14%         4    ###....


Dungeon Overview and Level Annotations

Branches:
Dungeon (15/15) Temple (1/1) D:6 Lair (6/6) D:10 Shoals (4/4) Lair:3 Spider (4/4) Lair:3 Slime (0/5) Lair:6 Orc (2/2) D:10 Elf (0/3) Orc:2 Vaults (0/5) D:14 D:15 Depths (0/5) D:15

Altars:
Cheibriados
Elyvilon
Gozag
Hepliaklqana
Kikubaaqudgha
Makhleb
Nemelex Xobeh
Okawaru
Qazlal
Ru
Trog
Uskayaw
Vehumet
Xom
Yredelemnul
Zin
The Shining One
Beogh

Shops:
D:7 :   D:13 *   Orc:1 !   Orc:2 }}[=(}%   Shoals:2 [   Shoals:3 %

Annotations:
D:15 exclusion: sixfirhy
Lair:3 exclusion: 2 oklob plants


Innate Abilities, Weirdness & Mutations

You have hooves in place of feet.
A powerful demonic guardian rushes to your aid.
You are partially covered in sharp spines.
Your movements are less encumbered by armour. (ER -4)


Message History

The merfolk impaler hits you from afar with a demon trident of flaming!
* * * LOW HITPOINT WARNING * * *
The merfolk impaler burns you.
* * * LOW HITPOINT WARNING * * *
The merfolk javelineer throws a javelin.
The javelin hits you!
* * * LOW HITPOINT WARNING * * *
The merfolk aquamancer is struck by your spines.
The merfolk aquamancer closely misses you.
The merfolk completely misses you. You block the merfolk impaler's attack.
The merfolk impaler barely misses you.
The merfolk aquamancer is struck by your spines.
The merfolk aquamancer barely misses you.
Lightning arcs down from a storm cloud!
Evoke which item? (* to show all) (? for menu, Esc to quit)
A fierce wind blows from the fan.
The monsters around you are blown away!
The merfolk aquamancer gestures at you while chanting.
The shard of ice hits you!
You die...
Your body disappears without a glow.

≈≈≈≈≈≈≈≈≈≈≈≈≈≈≈≈≈≈≈≈≈≈≈≈≈≈≈≈≈≈≈≈≈
≈≈≈≈≈≈≈≈≈≈≈≈≈≈≈≈≈≈≈≈≈≈≈≈≈≈≈≈≈≈≈≈≈
≈≈≈≈≈≈≈≈≈≈≈≈≈≈≈≈≈≈≈≈≈≈≈≈≈≈≈≈≈≈≈≈≈
≈≈≈≈≈≈≈≈≈≈≈≈≈≈≈≈≈≈≈≈≈.....≈≈≈≈≈≈≈
≈≈≈≈≈≈≈≈≈≈≈≈≈≈≈≈≈............≈≈≈≈
≈≈≈≈≈≈≈≈≈≈≈≈≈≈≈......#..#≈##.≈≈≈≈
≈≈≈≈≈≈≈≈≈≈≈≈≈≈....§..#######.≈≈≈≈
≈≈≈≈≈≈≈≈≈[≈≈≈≈....≈###..##.###≈≈≈
,,,,≈*,,#≈(≈≈≈m.@≈≈##...≈...#,≈≈≈
,,,,***##≈)†..m..(≈###.#.#.##*≈≈≈
,,,,,**..)..§≈mm...##≈≈...≈.#*≈≈≈
,**,,,≈...##(≈(≈...(##.#.#.##*.≈≈
,**≈,*,*m*##..≈((((.#...≈...##.≈≈
,**≈≈,,,≈*#≈......))#(.##..##≈.≈≈
,,*≈,*,*,*#..(...)(§(#######≈≈≈≈≈
,**,,,≈,,,##.§..§.)).#≈≈####≈≈≈≈≈
,,,*,,,*,#.)......(...≈.≈≈≈≈≈≈≈≈≈


You could see a merfolk impaler, a merfolk javelineer, a merfolk aquamancer and
a merfolk.

Vanquished Creatures
  Arachne (Spider:2)
  Jorgrun (Spider:2)
  Polyphemus (Shoals:3)
  Ilsuiw (Shoals:4)
  3 ghost moths
  The ghost of dvd the Geomancer, a journeyman DgEE (Orc:2)
  Aizul (Shoals:2)
  The ghost of appiemonkey the Peltast, an adept GrEE of Vehumet (Shoals:3)
  3 emperor scorpions
  2 entropy weavers
  Azrael (D:14)
  3 spark wasps
  3 merfolk javelineers (Shoals:4)
  4 merfolk impalers
  An ice dragon (D:15)
  7 hydras
  Harold (Orc:1)
  Erica (Orc:1)
  2 merfolk avatars
  3 centaur warriors
  2 catoblepae
  2 satyrs (Shoals:4)
  11 death yaks
  6 two-headed ogres
  2 tengu warriors
  The ghost of Agrougrou the Carver, a novice BaFi of Okawaru (D:8)
  Urug (D:12)
  4 orc high priests (Orc:2)
  Sonja (D:14)
  9 skeletal warriors
  5 unseen horrors
  10 sea snakes
  A death drake (Shoals:4)
  5 orc knights
  A kraken simulacrum (Shoals:4)
  A wolf spider zombie (D:13)
  2 harpies (Shoals:3)
  A lindwurm (Shoals:4)
  9 orb spiders
  2 orc sorcerers
  22 wolf spiders
  10 manticores
  6 cyclopes
  3 moths of wrath
  7 fauns
  7 merfolk sirens
  4 elephants
  5 water nymphs
  A torpor snail (Spider:1)
  3 gargoyles
  6 spiny frogs
  A black mamba (Lair:5)
  2 kobold demonologists (D:15)
  6 komodo dragons
  An efreet (D:15)
  12 demonic crawlers
  3 rime drakes
  A freezing wraith (D:15)
  A meliai (D:15)
  14 merfolk
  28 jumping spiders
  A queen bee (Lair:2)
  9 trolls
  A tyrant leech (Spider:3)
  8 hornets
  7 blink frogs
  7 hippogriffs
  3 wind drakes
  5 snapping turtles
  10 slime creatures
  A shadow (D:12)
  47 redbacks
  9 water elementals
  27 tarantellas
  A wyvern (D:8)
  33 yaks
  2 wraiths
  6 basilisks
  3 vampires
  3 fire elementals (D:14)
  5 hogs
  3 hungry ghosts
  14 humans
  2 steam dragons (Lair:1)
  A warg (D:15)
  3 hell hounds (D:14)
  8 water moccasins
  4 sky beasts
  A swamp drake (Lair:1)
  Purgy (D:3)
  22 orc warriors
  10 porcupines
  3 ice beasts
  2 black bears (D:11)
  An eye of draining (D:10)
  A necrophage (D:12)
  6 phantoms
  19 wolves
  7 ogres
  A boggart (D:9)
  21 centaurs
  6 crocodiles
  5 big kobolds
  17 bullfrogs
  A wyvern zombie (D:14)
  A gnoll sergeant (D:12)
  3 scorpions
  2 troll zombies (D:10)
  14 killer bees
  2 electric eels
  4 wights
  10 crimson imps
  4 centaur zombies
  A quasit (D:9)
  6 hounds
  15 jellies
  15 orc priests
  A bullfrog zombie (D:7)
  16 orc wizards
  3 centaur skeletons
  An iguana (D:14)
  6 worker ants
  6 ogre zombies (D:10)
  A worker ant zombie (D:7)
  A howler monkey zombie (D:9)
  10 gnolls
  11 adders
  A howler monkey skeleton (D:10)
  3 river rats (Sewer)
  3 shadow imps
  2 white imps (D:14)
  2 oozes
  2 adder zombies
  2 adder skeletons
  2 worms
  2 dart slugs
  8 leopard geckos
  68 orcs
  5 bats
  5 giant cockroaches
  8 hobgoblins
  8 jackals (D:1)
  17 kobolds
  3 quokkas
  8 ball pythons
  6 frilled lizards
  6 goblins
  6 goblin zombies (D:10)
  4 hobgoblin skeletons (D:10)
  A hobgoblin zombie (D:10)
  A jackal skeleton (D:6)
  3 orc skeletons (D:10)
  10 orc zombies (D:10)
  A quokka skeleton (D:6)
  8 rats
  A plant (Shoals:1)
936 creatures vanquished.

Vanquished Creatures (collateral kills)
  Rupert (D:14)
  Frances (Shoals:2)
  A storm dragon (Shoals:4)
  2 ghost moths
  2 emperor scorpions
  2 entropy weavers
  An ettin (Shoals:4)
  The ghost of equalderp2856 the Cleaver, a journeyman MiFi (Lair:3)
  A great orb of eyes (D:15)
  A minotaur (Lab)
  3 catoblepae
  A merfolk avatar (Shoals:3)
  A merfolk aquamancer (Shoals:4)
  A two-headed ogre (D:8)
  A hydra (Lair:6)
  A death yak (Lair:6)
  2 sea snakes
  A flayed ghost (D:15)
  A harpy (Shoals:3)
  An orc knight (D:14)
  An ugly thing (D:12)
  11 wolf spiders
  9 orb spiders
  2 manticores
  8 fauns
  3 elephants
  5 merfolk sirens
  A black mamba (Lair:1)
  A water nymph (Shoals:4)
  A centaur zombie (D:14)
  A torpor snail (Spider:4)
  7 spiny frogs
  A kobold demonologist (D:15)
  A yaktaur (Orc:2)
  A rime drake (Lair:2)
  4 demonic crawlers
  A komodo dragon (Lair:6)
  4 jumping spiders
  A wind drake (Shoals:4)
  4 hornets
  7 merfolk
  A slime creature (D:12)
  21 blink frogs
  3 hippogriffs
  The ghost of tarantulino the Slasher, an amateur TeGl of Dithmenos (D:4)
  12 redbacks
  6 tarantellas
  10 yaks
  A basilisk (Lair:6)
  A water elemental (Shoals:4)
  3 humans
  A hungry ghost (D:10)
  The ghost of rollingbeatlefloyd the Conjurer, an amateur DECj (D:3)
  A water moccasin (Lair:6)
  A porcupine (Lair:4)
  An orc warrior (Orc:2)
  An eye of draining (D:8)
  2 ogres (D:6)
  A crocodile (Lair:6)
  3 centaurs
  13 wolves
  A bullfrog (D:6)
  11 killer bees (Lair:2)
  2 electric eels (Lair:5)
  A crimson imp (D:12)
  A bullfrog zombie (D:6)
  A quasit (D:6)
  2 hounds
  3 orc priests (Orc:2)
  A gnoll shaman (D:5)
  2 orc wizards
  A worker ant (D:6)
  A hound skeleton (D:8)
  An adder (D:3)
  6 gnolls
  An ooze (Lair:6)
  A dart slug (D:1)
  10 orcs
  A hobgoblin (D:2)
  A ball python (D:1)
  2 goblins (D:1)
  A goblin zombie (D:10)
  4 kobolds
  A fungus (Lair:5)
240 creatures vanquished.

Vanquished Creatures (others)
  An emperor scorpion (Spider:4)
  An entropy weaver (Spider:4)
  A merfolk javelineer (Shoals:4)
  A satyr (Shoals:3)
  A death yak (Shoals:3)
  An orb spider (Spider:4)
  A wolf spider (Spider:4)
  An elephant (Lair:1)
  3 jumping spiders (Spider:4)
  A hippogriff (Shoals:4)
  2 yaks (Lair:5)
  5 redbacks (Spider:4)
  2 tarantellas (Spider:4)
  A necrophage (D:8)
  A centaur (Lair:1)
  A scorpion (D:8)
  2 killer bees
  An orc priest (Orc:2)
  An orc wizard (D:8)
  3 ball lightnings (Spider:4)
  2 orcs
  A quokka (D:8)
  8 bushes (Lair:6)
  18 fungi
  17 plants
  4 tentacles (Shoals:4)
81 creatures vanquished.

Grand Total: 1257 creatures vanquished

Notes
Turn   | Place    | Note
-------+----------+-------------------------------------------
     0 | D:1      | dstrtn the Demonspawn Transmuter began the quest for the Orb.
     0 | D:1      | Reached XP level 1. HP: 15/15 MP: 3/3
   161 | D:1      | Gained mutation: A weak demonic guardian rushes to your aid. [demonic ancestry]
   161 | D:1      | Reached XP level 2. HP: 21/21 MP: 3/5
   184 | D:1      | Learned a level 2 spell: Sticks to Snakes
   820 | D:1      | Reached XP level 3. HP: 17/26 MP: 4/6
   833 | D:1      | Learned a level 3 spell: Spider Form
  1730 | D:3      | Found a bloodstained altar of Trog.
  1754 | D:3      | Lost mutation: You have claws for feet. [demonic ancestry]
  1754 | D:3      | Lost mutation: You have razor-sharp toenails. [demonic ancestry]
  1754 | D:3      | Lost mutation: You have sharp toenails. [demonic ancestry]
  1754 | D:3      | Gained mutation: You have large cloven feet. [demonic ancestry]
  1754 | D:3      | Reached XP level 4. HP: 32/33 MP: 3/7
  1775 | D:3      | Noticed rollingbeatlefloyd's ghost (amateur DECj)
  2038 | D:3      | Killed rollingbeatlefloyd's ghost
  2038 | D:3      | Gained mutation: You are partially covered in sharp spines. [demonic ancestry]
  2038 | D:3      | Reached XP level 5. HP: 21/39 MP: 1/8
  2103 | D:3      | Found a sacrificial altar of Ru.
  2117 | D:3      | Noticed Purgy
  2135 | D:3      | Killed Purgy
  2135 | D:3      | Reached XP level 6. HP: 28/47 MP: 0/9
  2151 | D:3      | Found an opulent altar of Gozag.
  2236 | D:3      | Found a glowing drain.
  2258 | Sewer    | Entered a sewer
  2825 | D:3      | You fall through a shaft for 3 floors!
  2848 | D:6      | Found a staircase to the Ecumenical Temple.
  2853 | Temple   | Entered the Ecumenical Temple
  2955 | Temple   | Became a worshipper of Nemelex Xobeh the Trickster
  3194 | D:5      | Entered Level 5 of the Dungeon
  3226 | D:4      | Reached skill level 5 in Unarmed Combat
  3358 | D:3      | Received a gift from Nemelex Xobeh
  3477 | D:4      | Noticed tarantulino's ghost (amateur TeGl)
  3502 | D:4      | Killed tarantulino's ghost
  3502 | D:4      | Reached skill level 3 in Invocations
  3502 | D:4      | Gained mutation: You have hoof-like feet. [demonic ancestry]
  3502 | D:4      | Reached XP level 7. HP: 28/52 MP: 8/10
  3639 | D:4      | Found a glowing golden altar of the Shining One.
  3842 | D:4      | Reached skill level 4 in Invocations
  3869 | D:4      | Learned a level 4 spell: Ice Form
  4163 | D:5      | Reached * piety under Nemelex Xobeh
  4288 | D:5      | Found a basalt altar of Yredelemnul.
  4332 | D:5      | Received a gift from Nemelex Xobeh
  5094 | D:6      | Reached skill level 1 in Poison Magic
  5159 | D:6      | Reached XP level 8. HP: 54/61 MP: 7/11
  5218 | D:6      | Reached ** piety under Nemelex Xobeh
  5478 | D:7      | Noticed a hippogriff
  5502 | D:7      | Killed a hippogriff
  5502 | D:7      | Reached skill level 5 in Invocations
  5540 | D:7      | Reached skill level 1 in Ice Magic
  5605 | D:7      | Found Meulez's Book Shop.
  5611 | D:7      | Reached skill level 5 in Fighting
  5616 | D:7      | Bought a book of Minor Magic for 280 gold pieces
  5636 | D:7      | Noticed a hippogriff
  5661 | D:7      | Killed a hippogriff
  5661 | D:7      | Reached skill level 1 in Armour
  5927 | D:7      | Reached skill level 6 in Invocations
  5927 | D:7      | Reached XP level 9. HP: 27/68 MP: 9/13
  6444 | D:7      | Learned a level 2 spell: Blink
  6469 | D:8      | Reached skill level 1 in Translocations
  6526 | D:8      | Found a shimmering altar of Xom.
  6598 | D:8      | Noticed Agrougrou's ghost (novice BaFi)
  6685 | D:8      | Noticed a two-headed ogre
  7053 | D:8      | Killed a two-headed ogre
  7053 | D:8      | Reached skill level 5 in Translocations
  7147 | D:8      | Reached skill level 7 in Invocations
  7289 | D:8      | Noticed a hellwing
  7313 | D:8      | Killed Agrougrou's ghost
  7313 | D:8      | Gained mutation: Your movements are slightly less encumbered by armour. (ER -2) [demonic ancestry]
  7313 | D:8      | Reached XP level 10. HP: 46/76 MP: 3/15
  7402 | D:8      | Received a gift from Nemelex Xobeh
  7414 | D:8      | Reached *** piety under Nemelex Xobeh
  7533 | D:9      | Noticed a two-headed ogre
  7546 | D:9      | Killed a two-headed ogre
  7611 | D:9      | Received a gift from Nemelex Xobeh
  7651 | D:9      | Found a radiant altar of Vehumet.
  7662 | D:9      | Reached skill level 8 in Invocations
  7699 | D:9      | Found a snail-covered altar of Cheibriados.
  8044 | D:9      | Noticed a deep elf mage
  8477 | D:9      | Received a gift from Nemelex Xobeh
  8827 | D:9      | Noticed a moth of wrath
  8827 | D:9      | a deep elf mage changed into a moth of wrath
  8835 | D:9      | Killed a moth of wrath
  8835 | D:9      | Reached skill level 5 in Transmutations
  8936 | D:10     | Entered Level 10 of the Dungeon
  8954 | D:10     | Noticed Urug
  9124 | D:10     | Found a staircase to the Orcish Mines.
  9440 | D:10     | Reached skill level 5 in Dodging
  9456 | D:10     | Reached skill level 9 in Invocations
  9500 | D:10     | Noticed a gargoyle
  9515 | D:10     | Killed a gargoyle
  9696 | D:10     | Found a staircase to the Lair.
 10099 | D:10     | Reached XP level 11. HP: 82/83 MP: 15/17
 10110 | D:10     | Noticed a two-headed ogre
 10122 | D:10     | Killed a two-headed ogre
 10276 | D:10     | Noticed a two-headed ogre
 10290 | D:10     | Killed a two-headed ogre
 10737 | Lair:1   | Entered Level 1 of the Lair of Beasts
 10744 | Lair:1   | Reached skill level 1 in Shields
 11138 | Lair:1   | Received a gift from Nemelex Xobeh
 12640 | Lair:1   | Reached skill level 10 in Invocations
 12679 | Lair:1   | Received a gift from Nemelex Xobeh
 13395 | Lair:1   | Gained mutation: You have hooves in place of feet. [demonic ancestry]
 13395 | Lair:1   | Reached XP level 12. HP: 38/91 MP: 19/19
 14029 | Lair:2   | Received a gift from Nemelex Xobeh
 14052 | Lair:2   | Reached **** piety under Nemelex Xobeh
 14121 | Lair:2   | Reached skill level 10 in Unarmed Combat
 14335 | Lair:2   | Learned a level 5 spell: Blade Hands
 15240 | Lair:3   | Found a labyrinth entrance.
 15265 | Lair:3   | Reached skill level 11 in Invocations
 15289 | Lab      | Entered a labyrinth
 15413 | Lab      | Noticed a minotaur
 15426 | Lab      | Killed a minotaur
 15450 | Lab      | Got a faintly glowing pewter amulet
 15464 | Lab      | Identified the amulet "Ynesuwe" {Gourm rN+ MR+} (You found it in a labyrinth)
 15557 | Lair:3   | Found a hide-covered altar of Uskayaw.
 15558 | Lair:3   | Received a gift from Nemelex Xobeh
 15619 | Lair:3   | Found a staircase to the Shoals.
 15832 | Lair:3   | Found a hole to the Spider Nest.
 15886 | Lair:3   | Noticed equalderp2856's ghost (journeyman MiFi)
 15916 | Lair:3   | Killed equalderp2856's ghost
 16594 | Lair:4   | Received a gift from Nemelex Xobeh
 16773 | Lair:4   | Reached ***** piety under Nemelex Xobeh
 16851 | Lair:4   | Reached skill level 12 in Invocations
 17001 | Lair:4   | Received a gift from Nemelex Xobeh
 17780 | Lair:5   | HP: 5/111 [blink frog (19)]
 18155 | Lair:5   | Noticed a six-headed hydra
 18160 | Lair:5   | Gained mutation: Your movements are less encumbered by armour. (ER -4) [demonic ancestry]
 18160 | Lair:5   | Reached XP level 13. HP: 91/99 MP: 22/22
 18651 | Lair:6   | Entered Level 6 of the Lair of Beasts
 18805 | Lair:6   | Found a staircase to the Slime Pits.
 18831 | Lair:6   | Received a gift from Nemelex Xobeh
 18946 | Lair:6   | Got a brightly glowing ring mail
 18979 | Lair:6   | Identified the +5 ring mail "Oschuan" {rN+ Regen+ MP-9 SInv Stlth+} (You found it on level 6 of the Lair of Beasts)
 19025 | Lair:6   | Got a pitted ring mail
 19062 | Lair:6   | Identified the cursed +0 ring mail of Satisfaction {*Drain Str+7 SInv} (You found it on level 6 of the Lair of Beasts)
 19259 | Lair:6   | Received a gift from Nemelex Xobeh
 19857 | Lair:6   | Reached skill level 13 in Invocations
 21782 | D:10     | Found a staircase to the Orcish Mines.
 21867 | D:10     | Found a staircase to the Lair.
 21977 | D:10     | Reached XP level 14. HP: 86/108 MP: 21/24
 22334 | Orc:1    | Entered Level 1 of the Orcish Mines
 22396 | Orc:1    | Found Hien's Distillery.
 22434 | Orc:1    | Bought a potion of flight for 45 gold pieces
 22434 | Orc:1    | Bought a potion of haste for 150 gold pieces
 22434 | Orc:1    | Bought a potion of curing for 45 gold pieces
 22434 | Orc:1    | Bought a potion of curing for 45 gold pieces
 22434 | Orc:1    | Bought a potion of curing for 45 gold pieces
 22434 | Orc:1    | Bought a potion of heal wounds for 75 gold pieces
 22434 | Orc:1    | Bought a potion of agility for 60 gold pieces
 22550 | Orc:1    | Noticed Erica
 22557 | Orc:1    | Killed Erica
 22566 | Orc:1    | Noticed Harold
 22597 | Orc:1    | Killed Harold
 22789 | Orc:2    | Entered Level 2 of the Orcish Mines
 22789 | Orc:2    | Found Uxtusm's Food Boutique.
 22818 | Orc:2    | Found Ibrohapo's Gadget Shop.
 22822 | Orc:2    | Received a gift from Nemelex Xobeh
 22873 | Orc:1    | Found a roughly hewn altar of Beogh.
 23127 | Orc:2    | Received a gift from Nemelex Xobeh
 23149 | Orc:2    | Noticed dvd's ghost (journeyman DgEE)
 23298 | Orc:2    | Killed dvd's ghost
 23307 | Orc:2    | Found a staircase to the Elven Halls.
 23611 | Orc:2    | Found Ciggen's Gadget Shop.
 23913 | Orc:2    | Found Peylem's Gadget Shop.
 23913 | Orc:2    | Found Test's Antique Armour Shoppe.
 23921 | Orc:2    | Found Vehepu's Jewellery Shop.
 23921 | Orc:2    | Found Natuggyrph's Antique Weapon Shoppe.
 23951 | Orc:2    | Bought a cursed ring of protection from magic for 264 gold pieces
 23951 | Orc:2    | Bought the ring "Ditessu" {rElec rN++ SInv} for 474 gold pieces
 23959 | Orc:2    | Bought an embroidered scarf for 248 gold pieces
 24632 | D:11     | Received a gift from Nemelex Xobeh
 25049 | D:12     | Reached skill level 5 in Spellcasting
 25209 | D:12     | Reached skill level 10 in Fighting
 25694 | D:12     | Learned a level 6 spell: Statue Form
 25758 | D:12     | Received a gift from Nemelex Xobeh
 25836 | D:12     | Reached skill level 14 in Invocations
 25908 | D:12     | Killed Urug
 26280 | D:13     | Found Heykar's Demolitions Depot.
 26295 | D:13     | Bought a scroll of immolation for 49 gold pieces
 26705 | D:13     | Gained mutation: A demonic guardian rushes to your aid. [demonic ancestry]
 26705 | D:13     | Reached XP level 15. HP: 69/115 MP: 13/25
 27002 | D:13     | Received a gift from Nemelex Xobeh
 27499 | D:14     | Noticed Azrael
 27524 | D:14     | Killed Azrael
 27675 | D:14     | You fall through a shaft!
 27675 | D:15     | Entered Level 15 of the Dungeon
 27705 | D:14     | Found a gate to the Vaults.
 27705 | D:14     | Noticed Rupert
 27825 | D:14     | Killed Rupert
 28129 | D:14     | Noticed Sonja
 28174 | D:14     | Killed Sonja
 28296 | D:14     | Received a gift from Nemelex Xobeh
 28686 | D:15     | Found a shimmering altar of Xom.
 29002 | D:15     | Reached ****** piety under Nemelex Xobeh
 29002 | D:15     | Received a gift from Nemelex Xobeh
 29328 | D:15     | Found a staircase to the Depths.
 29780 | Orc:2    | Bought a faintly humming ring mail for 279 gold pieces
 29790 | Orc:2    | Identified the +5 ring mail "Migas" {+Blink rCorr Int+5 Dex-2} (You bought it in a shop on level 2 of the Orcish Mines)
 29984 | Spider:1 | Entered Level 1 of the Spider Nest
 29988 | Spider:1 | Got a fine ring mail
 30004 | Lair:3   | Identified the +1 ring mail of Least Resistance {rElec rF+} (You found it on level 1 of the Spider Nest)
 30371 | Spider:1 | Reached skill level 10 in Transmutations
 30403 | Spider:1 | Reached skill level 15 in Invocations
 30565 | Spider:1 | Received a gift from Nemelex Xobeh
 30823 | Spider:2 | Noticed Arachne
 30857 | Spider:2 | Killed Arachne
 30857 | Spider:2 | Reached skill level 1 in Earth Magic
 30860 | Spider:2 | Reached XP level 16. HP: 87/125 MP: 13/27
 31018 | Spider:2 | Reached skill level 10 in Dodging
 31363 | Spider:2 | Received a gift from Nemelex Xobeh
 31398 | Spider:2 | Noticed Jorgrun
 31414 | Spider:2 | Killed Jorgrun
 31522 | Spider:2 | Reached skill level 5 in Armour
 32827 | Spider:4 | Entered Level 4 of the Spider Nest
 33387 | Spider:4 | Reached skill level 15 in Unarmed Combat
 33488 | Spider:3 | Learned a level 4 spell: Throw Icicle
 34183 | Spider:4 | Reached skill level 16 in Invocations
 34338 | Spider:4 | Reached XP level 17. HP: 132/133 MP: 15/29
 34611 | Spider:4 | Got a gossamer rune of Zot
 34819 | Shoals:1 | Entered Level 1 of the Shoals
 34933 | Shoals:1 | Received a gift from Nemelex Xobeh
 35188 | Shoals:1 | Reached skill level 5 in Earth Magic
 35290 | Shoals:1 | Received a gift from Nemelex Xobeh
 35651 | Shoals:2 | Received a gift from Nemelex Xobeh
 35863 | Shoals:2 | Noticed Frances
 35872 | Shoals:2 | Killed Frances
 35964 | Shoals:2 | Found Liewnem's Armour Shop.
 36093 | Shoals:2 | Received a gift from Nemelex Xobeh
 36190 | Shoals:2 | Noticed Aizul
 36199 | Shoals:2 | Killed Aizul
 36811 | Shoals:3 | Noticed Polyphemus
 36988 | Shoals:3 | Killed Polyphemus
 37445 | Shoals:3 | Received a gift from Nemelex Xobeh
 37567 | Shoals:3 | Noticed appiemonkey's ghost (adept GrEE)
 37596 | Shoals:3 | Killed appiemonkey's ghost
 37620 | Shoals:3 | Found Qidur's Food Shop.
 37711 | Shoals:4 | Entered Level 4 of the Shoals
 37836 | Shoals:4 | Got a smoking gossamer ring
 37848 | Shoals:4 | Identified the ring "Wepunill" {Wiz *Corrode +Inv Int+8} (You found it on level 4 of the Shoals)
 37919 | Shoals:4 | HP: 5/133 [merfolk javelineer/javelin (12)]
 38115 | Shoals:4 | Received a gift from Nemelex Xobeh
 38124 | Shoals:4 | Got a barnacled rune of Zot
 38590 | Shoals:4 | Noticed Ilsuiw
 38606 | Shoals:4 | Killed Ilsuiw
 38606 | Shoals:4 | Gained mutation: A powerful demonic guardian rushes to your aid. [demonic ancestry]
 38606 | Shoals:4 | Reached XP level 18. HP: 128/140 MP: 26/30
 38615 | Shoals:4 | Killed from afar by a merfolk aquamancer

Skill      XL: |  1  2  3  4  5  6  7  8  9 10 11 12 13 14 15 16 17 |
---------------+----------------------------------------------------+-----
Unarmed Combat | 3 4 5 7 8 9 11 12 13 14 15 | 15.3
Transmutations | 2 3 4 5 6 7 8 9 10 11 | 11.5
Fighting       | 2 3 4 5 6 7 8 9 10 11 12 | 12.0
Invocations    | 3 4 6 7 9 10 12 13 14 15 16 | 16.1
Poison Magic   | 1 2 |  2.0
Dodging        | 3 5 6 8 9 10 | 10.0
Ice Magic      | 1 3 |  3.8
Armour         | 1 2 4 6 9 |  9.9
Translocations | 5 |  5.2
Spellcasting   | 3 5 6 |  6.0
Shields        | 3 |  3.0
Earth Magic    | 1 4 7 |  7.1

Action                   |  1- 3 |  4- 6 |  7- 9 | 10-12 | 13-15 | 16-18 || total
-------------------------+-------+-------+-------+-------+-------+-------++-------
Melee: Unarmed           |   129 |    98 |   192 |   566 |   890 |   537 ||  2412
       Kick              |    22 |    18 |    32 |    52 |   142 |   119 ||   385
       Headbutt          |     7 |    10 |    17 |    15 |       |       ||    49
       Punch             |     1 |       |     2 |    10 |    28 |    37 ||    78
       Staff             |       |       |       |     5 |    50 |     4 ||    59
 Fire: Blowgun           |       |       |       |    10 |       |       ||    10
Throw: Stone             |     4 |       |       |       |       |       ||     4
       Tomahawk          |       |       |     4 |    10 |       |       ||    14
       Throwing net      |       |       |       |       |     2 |       ||     2
 Cast: Beastly Appendage |    27 |    18 |    27 |    12 |       |       ||    84
       Sticks to Snakes  |     8 |     9 |    19 |    46 |    53 |   102 ||   237
       Spider Form       |       |     4 |    16 |    38 |    40 |       ||    98
       Ice Form          |       |       |       |    31 |    18 |     1 ||    50
       Blink             |       |       |       |       |     5 |     7 ||    12
       Blade Hands       |       |       |       |       |    97 |    96 ||   193
       Statue Form       |       |       |       |       |       |     5 ||     5
Invok: Triple Draw       |       |       |       |     9 |       |       ||     9
       Stack Five        |       |       |       |     1 |     1 |     2 ||     4
       Deal Four         |       |       |       |     1 |       |       ||     1
 Abil: End Transformatio |       |       |       |     1 |    38 |    35 ||    74
       Evoke Flight      |       |       |       |       |     1 |    28 ||    29
       Stop Flying       |       |       |       |       |       |     2 ||     2
Evoke: Deck              |       |     1 |     8 |    32 |    45 |    65 ||   151
       Wand              |       |       |       |     5 |    15 |    25 ||    45
       Lamp of fire      |       |       |       |       |     3 |     2 ||     5
       Phial of floods   |       |       |       |       |     2 |     3 ||     5
       Fan of gales      |       |       |       |       |       |     2 ||     2
  Use: Potion            |       |     3 |       |     9 |     2 |    20 ||    34
       Scroll            |       |     9 |     1 |    14 |    15 |    13 ||    52
 Stab: Sleeping          |     1 |     1 |       |       |       |       ||     2
       Distracted        |       |     1 |     3 |     3 |     5 |     5 ||    17
       Confused          |       |       |     1 |       |       |       ||     1
       Petrified         |       |       |       |       |     2 |       ||     2
       Held in net/web   |       |       |       |       |     1 |       ||     1
  Eat: Chunk             |     4 |     5 |    15 |    50 |    80 |    61 ||   215
       Royal jelly       |       |     1 |       |     4 |       |       ||     5
       Fruit             |       |       |     1 |     6 |       |       ||     7
Armor: Robe              |    26 |     6 |       |       |       |       ||    32
       Leather armour    |     5 |     4 |    25 |     4 |     1 |       ||    39
       Skin              |       |       |     3 |    51 |    16 |    32 ||   102
       Ring mail         |       |       |       |    37 |   153 |   250 ||   440
Dodge: Dodged            |    75 |    56 |   129 |   461 |   602 |   661 ||  1984
Block: Buckler           |       |       |     5 |    10 |    37 |    62 ||   114
